 Dungeon Crawl Stone Soup version 0.17-a0-1368-g6ab37f2 (webtiles) character file.

58 Kidiri the Stinger (level 3, -14/24 HPs)
             Began as a Demonspawn Venom Mage on June 11, 2015.
             Demolished by Sigmund
             ... wielding a +2 scythe of venom
              (15 damage)
             ... on level 2 of the Dungeon.
             The game lasted 00:13:37 (2725 turns).

Kidiri the Stinger (Demonspawn Venom Mage)          Turns: 2725, Time: 00:13:39

Health: -14/24     AC:  6    Str: 13    XL:     3   Next: 75%
Magic:  2/6        EV: 12    Int: 17    God:
Gold:   116        SH:  0    Dex: 13    Spells: 3 memorised, 1 level left

rFire  . . .     SeeInvis .     e - +0 short sword
rCold  . . .     Clarity  .     a - +0 robe
rNeg   . . .     SustAt   .     (no shield)
rPois  .         Gourm    .     (no helmet)
rElec  .         Spirit   .     (no cloak)
rCorr  .         Warding  .     (no gloves)
rMut   .         Stasis   .     (no boots)
MR     .....                    (no amulet)
Stlth  ++........               (no ring)
                                (no ring)

@: mighty, lethally poisoned (-14 -> -41), very slightly contaminated, not
resistant to hostile enchantments, unstealthy
A: hooves 1, iridescent scales 1
a: no special abilities


You were on level 2 of the Dungeon.
You were not hungry.

You visited 1 branch of the dungeon, and saw 2 of its levels.

You collected 116 gold pieces.

Inventory:

Hand weapons
 d - a +0 club
 e - a +0 short sword (weapon)
 g - a cursed +0 dagger
Armour
 a - a +0 robe (worn)
Scrolls
 f - a scroll of magic mapping
 h - a scroll of recharging {unknown}
 i - a scroll of random uselessness {unknown}
 j - a scroll of fear {unknown}
 m - a scroll of teleportation {unknown}
Books
 b - a Young Poisoner's Handbook

   Spells                             Type                      Level
   a - Sting                          Conjuration/Poison           1
   b - Cure Poison                    Poison                       2
   c - Mephitic Cloud                 Conjuration/Poison/Air       3
   d - Olgreb's Toxic Radiance        Poison                       4
   e - Venom Bolt                     Conjuration/Poison           5
Comestibles
 c - a bread ration
 k - a beef jerky
 l - 2 chunks of flesh


   Skills:
 + Level 2.1 Dodging
 * Level 2.4 Stealth
 * Level 2.5 Spellcasting
 + Level 1.3 Conjurations
 + Level 4.2 Poison Magic


You had one spell level left.
You knew the following spells:

 Your Spells              Type           Power        Failure   Level  Hunger
a - Sting                 Conj/Pois      ##..         10%         1    #......
b - Cure Poison           Pois           ###.......   6%          2    ##.....
c - Mephitic Cloud        Conj/Pois/Air  #.......     24%         3    ###....


Dungeon Overview and Level Annotations

Branches:
Dungeon (2/15)

Altars:

Annotations:
D:2 Sigmund


Innate Abilities, Weirdness & Mutations

You have large cloven feet.
You are partially covered in iridescent scales (AC +4).


Message History

You closely miss Sigmund.
Sigmund is lightly wounded.
You feel sick.
You puncture Sigmund!
Sigmund is heavily wounded.
Sigmund hits you with a scythe of venom.
You are lethally poisoned!
You hit Sigmund. Your kick misses Sigmund.
Sigmund is severely wounded.
You feel sick.
Sigmund hits you with a scythe of venom!
* * * LOW HITPOINT WARNING * * *
You are more poisoned.
You barely miss Sigmund.
Sigmund is severely wounded.
* * * LOW HITPOINT WARNING * * *
You feel sick.
Sigmund hits you with a scythe of venom!
Ouch! That really hurt!
You die...

#####.............#..............
..................#..............
######............#..........(...
# #.........(..#............=.
######............#..............
.....#..................#.#######
.....#.............<....#.#
.....############..)....#.######
........# #....@......##.....>#
........# #...@.......#######.#
........# #....................#
........# #...########.#########
##'##...# #... #.#.......#
........# #.. #.#.#####.#
......### #. #.#.#####.# ......#
#. ...####b#..@..#.# ......#
.......†....#.#.#


You could see Sigmund.

Vanquished Creatures
  An adder (D:2)
  A worm (D:2)
  2 giant geckos (D:2)
  A ball python (D:1)
  6 bats
  3 giant cockroaches
  6 goblins
  4 hobgoblins (D:1)
  2 jackals (D:1)
  8 kobolds
  2 giant newts
  3 quokkas (D:2)
  6 rats
45 creatures vanquished.

Notes
Turn   | Place    | Note
--------------------------------------------------------------
     0 | D:1      | Kidiri the Demonspawn Venom Mage began the quest for the Orb.
     0 | D:1      | Reached XP level 1. HP: 13/13 MP: 3/3
   631 | D:1      | Gained mutation: You have large cloven feet. [demonic ancestry]
   631 | D:1      | Reached XP level 2. HP: 19/19 MP: 3/5
   635 | D:1      | Learned a level 2 spell: Cure Poison
  1858 | D:1      | Gained mutation: You are partially covered in iridescent scales (AC +4). [demonic ancestry]
  1858 | D:1      | Reached XP level 3. HP: 24/24 MP: 3/6
  1945 | D:1      | Learned a level 3 spell: Mephitic Cloud
  2057 | D:2      | Noticed Sigmund
  2245 | D:2      | Found a faded altar to an unknown god.
  2256 | D:2      | Reached skill level 1 in Conjurations
  2725 | D:2      | HP: 1/24 [poisoned by Sigmund]
  2725 | D:2      | Demolished by Sigmund

Vault maps used:
D:1:      eino_arrival_water_cross
D:2:      ecumenical_altar_1, uniq_sigmund

Action                   || total
-------------------------++-------
Melee: Club              ||    26
       Unarmed           ||     1
       Short sword       ||    41
 Cast: Sting             ||    65
       Mephitic Cloud    ||     3
       Cure Poison       ||     2
  Use: Scroll            ||     6
       Potion            ||     5
 Stab: Sleeping          ||     3
  Eat: Chunk             ||     2
       Meat ration       ||     1
